 Dungeon Crawl Stone Soup version 0.19.5 (webtiles) character file.

1324 Alannah the Cleaver (level 8, -4/70 HPs)
             Began as a Minotaur Berserker on May 1, 2017.
             Was an Elder of Trog.
             Slain by an orc warrior
             ... wielding a +0 halberd
              (15 damage)
             ... on level 6 of the Dungeon.
             The game lasted 00:14:26 (5109 turns).

Alannah the Cleaver (Minotaur Berserker)            Turns: 5109, Time: 00:14:27

Health: -4/70      AC:  5    Str: 23    XL:     8   Next: 33%
Magic:  7/7        EV: 13    Int:  4    God:    Trog [****..]
Gold:   334        SH:  0    Dex: 11    Spells: 0 memorised, 7 levels left

rFire  . . .     SeeInvis .     v - +0 war axe
rCold  + . .     Gourm    .     y - +1 leather armour {rPois}
rNeg   . . .     Faith    .     (no shield)
rPois  +         Spirit   .     (helmet restricted)
rElec  .         Reflect  .     (no cloak)
rCorr  .         Harm     .     (no gloves)
MR     ++...                    (no boots)
Stlth  +.........               (no amulet)
                                (no ring)
                                x - ring of protection from cold

@: regenerating
A: retaliatory headbutt, horns 2
a: Berserk, Trog's Hand, Brothers in Arms, Burn Spellbooks, Renounce Religion


You were on level 6 of the Dungeon.
You worshipped Trog.
Trog was greatly pleased with you.
You were near starving.

You visited 1 branch of the dungeon, and saw 6 of its levels.

You collected 346 gold pieces.
You spent 12 gold pieces at shops.

Inventory:

Hand Weapons
 a - a +0 hand axe
 v - a +0 war axe (weapon)
Armour
 b - a +0 animal skin
 f - a +0 leather armour
 r - a +0 ring mail
 y - a +1 leather armour of poison resistance (worn)
Jewellery
 x - a ring of protection from cold (left hand)
Wands
 p - a wand of iceblast (11/15)
Scrolls
 d - 2 scrolls of teleportation
 g - a scroll of amnesia {unknown}
 h - 2 scrolls of immolation
 l - 4 scrolls of remove curse
 m - 5 scrolls of identify {unknown}
 t - a scroll of fog {unknown}
 B - a scroll of random uselessness {unknown}
Potions
 e - a potion of mutation {unknown}
 i - 2 potions of berserk rage {unknown}
 j - 3 potions of cancellation {unknown}
 n - 3 potions of agility {unknown}
 o - 3 potions of heal wounds {unknown}
 q - a potion of invisibility {unknown}
 s - a potion of brilliance {unknown}
 u - a potion of might {unknown}
 w - 5 potions of curing {unknown}
 D - a potion of beneficial mutation {unknown}
Comestibles
 c - 4 bread rations
 k - a slice of pizza
 A - 3 meat rations
 C - a beef jerky


   Skills:
 + Level 6.1 Fighting
 * Level 8.0 Axes
 * Level 7.5 Armour
 + Level 4.8 Dodging


You had 7 spell levels left.
You didn't know any spells.

Dungeon Overview and Level Annotations

Branches:
Dungeon (6/15)             Temple (0/1) D:4

Altars:
Nemelex Xobeh
Uskayaw

Shops:
D:4 !


Innate Abilities, Weirdness & Mutations

You reflexively headbutt those who attack you in melee.
You have a pair of horns on your head.


Message History

Okay, then. 2 orcs and an orc warrior come into view.
The orc warrior shouts!
The orc shouts!
An orc comes into view. It is wielding a hand axe.
The orc shouts!
The orc hits you but does no damage.
You closely miss the orc. Your headbutt misses the orc.
The orc warrior hits you from afar with a halberd!
* * * LOW HITPOINT WARNING * * *
The orc closely misses you. You furiously retaliate!
You headbutt the orc. You barely miss the orc.
The orc is moderately wounded.
The orc misses you.
The orc warrior hits you from afar with a halberd.
* * * LOW HITPOINT WARNING * * *
Your skin crawls.
You feel resistant to hostile enchantments.
You feel somewhat more hungry. The orc hits you but does no damage.
The orc warrior hits you from afar with a halberd!
You die...

........##+ #......##
##..#### .##..## ⌠.##..#
'####.# ......#
#...####################
#.........##.##.@oooo...
.#####.......##.#######.
........#.##....#
.#.###......†#### #
......##.# ###.#####.#
#.# #.# #.. ..# ##. ...


You could see an orc warrior and 3 orcs.

Vanquished Creatures
  Sigmund (D:3)
  A water moccasin (D:6)
  A sky beast (D:4)
  A phantom (D:6)
  An ice beast (D:5)
  A centaur (D:5)
  An ogre (D:4)
  A scorpion (D:4)
  An orc priest (D:4)
  A hound (D:5)
  Ijyb (D:3)
  2 iguanas
  An orc wizard (D:4)
  3 worker ants
  Robin (D:2)
  11 gnolls
  6 adders
  2 oozes
  An adder zombie (D:6)
  3 worms
  3 dart slugs
  4 leopard geckos (D:3)
  21 orcs
  4 giant cockroaches
  18 goblins
  16 hobgoblins
  3 jackals (D:2)
  3 quokkas
  2 ball pythons
  11 bats
  8 frilled lizards
  16 kobolds
  A quokka skeleton (D:4)
  6 rats
157 creatures vanquished.

Notes
Turn   | Place    | Note
-------+----------+-------------------------------------------
     0 | D:1      | Alannah the Minotaur Berserker began the quest for the Orb.
     0 | D:1      | Reached XP level 1. HP: 19/19 MP: 0/0
   366 | D:1      | Reached XP level 2. HP: 25/27 MP: 1/1
   684 | D:1      | Reached skill level 4 in Axes
   939 | D:1      | Reached XP level 3. HP: 33/33 MP: 2/2
  1124 | D:2      | Reached ** piety under Trog
  1127 | D:2      | Noticed Robin
  1135 | D:2      | Killed Robin
  1140 | D:2      | Reached XP level 4. HP: 23/40 MP: 3/3
  1722 | D:3      | Reached skill level 5 in Axes
  1922 | D:3      | Noticed Sigmund
  1929 | D:3      | Killed Sigmund
  1929 | D:3      | Reached XP level 5. HP: 42/47 MP: 4/4
  1929 | D:3      | Reached XP level 6. HP: 47/53 MP: 5/5
  2034 | D:3      | Found a hide-covered altar of Uskayaw.
  2036 | D:3      | Reached *** piety under Trog
  2290 | D:3      | Noticed Ijyb
  2296 | D:3      | Killed Ijyb
  2324 | D:3      | Reached skill level 6 in Axes
  2372 | D:3      | Found a sparkling altar of Nemelex Xobeh.
  2448 | D:4      | Reached skill level 5 in Armour
  2719 | D:4      | Noticed a sky beast
  2731 | D:4      | Killed a sky beast
  2731 | D:4      | Reached skill level 5 in Fighting
  2731 | D:4      | Reached XP level 7. HP: 31/61 MP: 6/6
  2930 | D:4      | Found Koucumy's Distillery.
  2938 | D:4      | Bought a potion of degeneration for 12 gold pieces
  3059 | D:4      | Reached **** piety under Trog
  3452 | D:4      | Reached skill level 7 in Axes
  3685 | D:4      | Found a staircase to the Ecumenical Temple.
  3951 | D:5      | Entered Level 5 of the Dungeon
  4218 | D:5      | Reached XP level 8. HP: 37/70 MP: 7/7
  4431 | D:5      | Reached ***** piety under Trog
  5076 | D:6      | Reached skill level 8 in Axes
  5109 | D:6      | Slain by an orc warrior

Skill      XL: |  1  2  3  4  5  6  7  8 |
---------------+-------------------------+-----
Armour         | 3 4 5 7 |  7.5
Axes           | 4 5 6 7 8 |  8.0
Fighting       | 4 5 6 |  6.1
Dodging        | 3 4 |  4.8

Action                   |  1- 3 |  4- 6 |  7- 9 || total
-------------------------+-------+-------+-------++-------
Melee: Hand axe          |    76 |    48 |       ||   124
       Headbutt          |    11 |    19 |    27 ||    57
       War axe           |       |    95 |   125 ||   220
Invok: Trog's Hand       |       |       |     1 ||     1
  Use: Scroll            |       |       |     5 ||     5
  Eat: Chunk             |     1 |     5 |     6 ||    12
Armor: Animal skin       |     7 |       |       ||     7
       Leather armour    |    14 |     4 |    21 ||    39
       Ring mail         |       |    43 |       ||    43
Dodge: Dodged            |    57 |   101 |    98 ||   256
